 Dungeon Crawl Stone Soup version 0.29.0-5-ge4962eb29e (webtiles) character file.

Game seed: 17672555085910221467

939 Persephone the Spear-Bearer (level 8, -7/61 HPs)
             Began as a Merfolk Berserker on Aug 29, 2022.
             Was a Believer of Trog.
             Killed by divine providence
             ... invoked by an orc priest
              (12 damage)
             ... on level 6 of the Dungeon.
             The game lasted 00:10:21 (5991 turns).

Persephone the Spear-Bearer (Merfolk Berserker)     Turns: 5991, Time: 00:10:21

Health: -7/61      AC:  3    Str: 19    XL:     8   Next: 12%
Magic:  8/8        EV: 14    Int:  7    God:    Trog [**....]
Gold:   213        SH:  0    Dex: 13    Spells: 7/7 levels left

rFire   . . .      SeeInvis .   a - +0 spear
rCold   . . .      Faith    .   (no shield)
rNeg    . . .      Spirit   .   r - +0 robe
rPois   .          Reflect  .   (no helmet)
rElec   .          Harm     .   (no cloak)
rCorr   .          Rampage  .   (no gloves)
Will    ++...                   h - +0 pair of boots
Stlth   +++.......              (no amulet)
HPRegen 1.20/turn               (no ring)
MPRegen 0.11/turn               (no ring)

@: strong-willed, on berserk cooldown, regenerating, slowed, very slow
A: (nimble swimmer 2), mertail
a: Renounce Religion, Berserk, Trog's Hand


You were on level 6 of the Dungeon.
You worshipped Trog.
Trog was pleased with you.
You visited 1 branch of the dungeon, and saw 6 of its levels.

You collected 213 gold pieces.

Inventory:

Hand Weapons
 a - a +0 spear (weapon)
Missiles
 p - 2 atropa-tipped darts (quivered)
Armour
 b - a +0 animal skin
 h - a +0 pair of boots (worn)
 r - a +0 robe (worn)
Wands
 l - a wand of mindburst (10)
 m - a wand of charming (7)
Scrolls
 d - a scroll of amnesia
 f - a scroll of teleportation
 k - 3 scrolls of identify
 s - a scroll of enchant armour {unknown}
 u - a scroll of magic mapping
 v - a scroll of immolation {unknown}
Potions
 c - 4 potions of curing
 e - 3 potions of mutation {unknown}
 g - 2 potions of degeneration {unknown}
 i - 2 potions of berserk rage {unknown}
 j - 2 potions of brilliance {unknown}
 n - a potion of cancellation {unknown}
 o - 2 potions of heal wounds {unknown}
 q - a potion of invisibility {unknown}
 t - a potion of lignification {unknown}
 w - 2 potions of haste {unknown}


   Skills:
 + Level 4.4 Fighting
 * Level 9.4 Polearms
 - Level 1.3 Armour
 + Level 5.8 Dodging
 + Level 4.4 Stealth


You had 7 spell levels left.
You didn't know any spells.
Your spell library was empty.

Dungeon Overview and Level Annotations

Branches:
Dungeon (6/15)
 Temple: D:4-7

Altars:
Ashenzari
Uskayaw
Xom

Shops:
D:1 (   D:3 *

Annotations:
D:3 3 runed translucent doors, ProzacElf's ghost, amateur PaAK
D:4 2 transporters


Innate Abilities, Weirdness & Mutations

((You are very nimble when in or above water. (Stealth+, EV+, Speed+++)))
Your lower body shifts to a powerful aquatic tail in water.


Message History

An orc comes into view. It is wielding a +0 mace.
An orc priest comes into view. It is wielding a +0 dagger.
The orc priest shouts!
The orc closely misses you.
You puncture the orc!
You kill the orc!
Trog accepts your kill.
An orc comes into view. It is wielding a +0 short sword.
You feel a strong urge to attack something.
You are no longer berserk.
You are exhausted.
You feel yourself slow down. The orc hits you but does no damage.
The orc misses you.
You hit the orc priest.
The orc priest is moderately wounded.
The orc priest hits you but does no damage.
The orc hits you with a +0 mace. The orc hits you but does no damage.
You hit the orc priest.
The orc priest is heavily wounded.
The orc priest hits you with a +0 dagger.
The orc closely misses you. The orc hits you with a +0 dagger.
* * * LOW HITPOINT WARNING * * *
The orc hits you but does no damage.
You hit the orc priest.
The orc priest is almost dead.
The orc priest hits you with a +0 dagger.
* * * LOW HITPOINT WARNING * * *
The orc barely misses you. The orc closely misses you.
The orc hits you with a +0 short sword.
* * * LOW HITPOINT WARNING * * *
Your skin crawls.
You feel strong-willed. The orc priest barely misses you.
The orc hits you with a +0 dagger.
* * * LOW HITPOINT WARNING * * *
The orc hits you with a +0 mace!
* * * LOW HITPOINT WARNING * * *
The orc hits you but does no damage.
The orc priest calls down the wrath of Beogh upon you.
Beogh smites you!
You die...

................
............#
...........#
.........<.#
...........### ##.
##..#..)....##....
#. ##.......#..#
..#.###.o####....#
.......@o####..<#
#.###.#oo#.#...#
##.##........##
....#.#...##..#
###....#....#.#
#..<....<...#
#......รท....#
#.#.......###
..#..#..)..#


You could see an orc priest and 3 orcs.

Vanquished Creatures
  Edmund (D:4)
  2 phantoms
  2 necrophages
  A scorpion (D:4)
  A howler monkey (D:6)
  A jelly (D:6)
  2 hounds
  3 iguanas
  9 gnolls
  9 adders
  2 ufetubi (D:4)
  A worm (D:2)
  2 dart slugs
  2 orcs (D:6)
  11 ball pythons
  10 bats
  4 endoplasms
  6 giant cockroaches
  7 goblins
  3 hobgoblins
  10 jackals
  10 kobolds
  A quokka (D:6)
  3 frilled lizards
  5 rats
108 creatures vanquished.

Notes
Turn   | Place    | Note
-------+----------+-------------------------------------------
     0 | D:1      | Persephone the Merfolk Berserker began the quest for the
                  | Orb.
     0 | D:1      | Reached XP level 1. HP: 18/18 MP: 1/1
    11 | D:1      | Found Adwavuc's Weapon Boutique.
   213 | D:1      | Reached XP level 2. HP: 24/24 MP: 2/2
   361 | D:1      | Reached skill level 5 in Polearms
   643 | D:1      | Reached XP level 3. HP: 29/29 MP: 3/3
   932 | D:2      | Reached ** piety under Trog
   955 | D:2      | Reached skill level 6 in Polearms
   969 | D:2      | Found a faded altar of an unknown god.
  1392 | D:2      | Reached XP level 4. HP: 31/35 MP: 4/4
  1631 | D:2      | Reached skill level 1 in Stealth
  2301 | D:3      | Found a shimmering altar of Xom.
  2314 | D:3      | Found a broken altar of Ashenzari.
  2379 | D:3      | Reached XP level 5. HP: 41/41 MP: 5/5
  2503 | D:3      | Found Voamil's Assorted Antiques.
  2634 | D:3      | Reached skill level 7 in Polearms
  2814 | D:3      | Found a runed translucent gate.
  2814 | D:3      | Noticed ProzacElf's ghost (amateur PaAK)
  2815 | D:3      | Found a runed translucent gate.
  2816 | D:3      | Found a runed translucent gate.
  4007 | D:4      | Found a transporter.
  4036 | D:4      | Reached XP level 6. HP: 40/47 MP: 6/6
  4094 | D:4      | Noticed Edmund
  4112 | D:4      | Killed Edmund
  4336 | D:4      | Reached skill level 8 in Polearms
  4357 | D:4      | Reached XP level 7. HP: 23/52 MP: 7/7
  4636 | D:4      | Reached skill level 5 in Dodging
  5156 | D:4      | Found a transporter.
  5397 | D:5      | Entered Level 5 of the Dungeon
  5635 | D:5      | Reached skill level 9 in Polearms
  5713 | D:5      | Found a hide-covered altar of Uskayaw.
  5977 | D:6      | Reached XP level 8. HP: 34/61 MP: 8/8
  5991 | D:6      | Killed from afar by an orc priest

Illustrated notes

Levels and vault maps discovered:
D:1:      spicycebolla_green_bress_n_ham_2, layout_loops_ring, serial_shops,
          shop, minmay_statues_item
D:2:      layout_basic, shapermc_ecumenical_altar_starsandcircs
D:3:      layout_basic, mainiacjoe_overflow_large_starburst, serial_shops,
          shop_fountains, gammafunk_ghost_split, minmay_misc_feat_hallway,
          grunt_ministairs_10, chequers_serial_rivers_micro_b
D:4:      gammafunk_cloud_chamber, layout_loops_ring, uniq_edmund
D:5:      layout_basic, mainiacjoe_overflow_alcove_4,
          mainiacjoe_overflow_small_starburst
D:6:      kennysheep_six_static_rooms, layout_cave_pools,
          nicolae_overflow_hidden_temple, elyvilon_altar_5,
          nicolae_overflow_crystal_walls, kennysheep_mini_moat,
          ebering_ghost_reflecting_pool, uniq_menkaure

Skill      XL: |  1  2  3  4  5  6  7 |
---------------+----------------------+-----
Polearms       | 5 6 7 8 9 |  9.4
Dodging        | 3 4 5 |  5.8
Stealth        | 1 2 3 4 |  4.4
Fighting       | 4 |  4.4
Armour         | |  1.3

Action                   |  1- 3 |  4- 6 |  7- 9 || total
-------------------------+-------+-------+-------++-------
Melee: Spear             |   116 |   227 |   171 ||   514
       Punch             |     1 |       |     2 ||     3
Throw: Dart              |       |     1 |       ||     1
Invok: Berserk           |       |     4 |     4 ||     8
       Trog's Hand       |       |     2 |     5 ||     7
  Use: Scroll            |       |     5 |     1 ||     6
 Stab: Sleeping          |     3 |     9 |     4 ||    16
       Distracted        |       |     1 |     1 ||     2
Armor: Animal skin       |    20 |    18 |       ||    38
       Robe              |       |    16 |    15 ||    31
Dodge: Dodged            |    55 |    93 |    72 ||   220
